 Dungeon Crawl Stone Soup version 0.30-a0-1085-g990a428a5c (webtiles) character file.

Game seed: 4744222223213062937

3292 pokeman the Thaumaturge (level 9, -1/48 HPs)
             Began as a Deep Elf Hedge Wizard on Apr 16, 2023.
             Was a Believer of Vehumet.
             Slain by an ice beast (4 damage)
             ... on level 11 of the Dungeon.
             The game lasted 00:17:15 (9628 turns).

pokeman the Thaumaturge (Deep Elf Hedge Wizard)     Turns: 9628, Time: 00:17:16

Health: -1/48      AC:  3    Str:  7    XL:     9   Next: 69%
Magic:  22/27      EV: 13    Int: 24    God:    Vehumet [**....]
Gold:   471        SH:  0    Dex: 14    Spells: 24/32 levels left

rFire   . . .      SeeInvis .    j - +2 hand axe (venom)
rCold   + . .      Faith    .    (no shield)
rNeg    . . .      Spirit   .    n - +0 robe {rC+}
rPois   .          Reflect  .    c - +0 hat
rElec   .          Rampage  .    I - +0 cloak
rCorr   .                        (no gloves)
Will    .....                    (no boots)
Stlth   ++                       (no amulet)
HPRegen 0.28/turn                (no ring)
MPRegen 0.20/turn                (no ring)

@: on blink cooldown, slowed, very slow
A: no striking features
a: Renounce Religion


You were on level 11 of the Dungeon.
You worshipped Vehumet.
Vehumet was pleased with you.
You visited 2 branches of the dungeon, and saw 10 of its levels.
You also visited: Ossuary.

You collected 471 gold pieces.

Inventory:

Hand Weapons
 j - a +2 hand axe of venom (weapon)
Missiles
 F - 4 throwing nets
Armour
 c - a +0 hat (worn)
 n - a +0 robe of cold resistance (worn)
 I - a +0 cloak (worn)
Magical Staves
 p - a staff of air
 J - a staff of poison
Wands
 k - a wand of polymorph (15)
 t - a wand of light (12)
 H - a wand of roots (30)
Scrolls
 e - 13 scrolls of identify
 h - 3 scrolls of noise
 m - a scroll of enchant armour {unknown}
 o - a scroll of immolation {unknown}
 q - a scroll of enchant weapon {unknown}
 r - 4 scrolls of poison {unknown}
 s - a scroll of butterflies {unknown}
 v - 3 scrolls of amnesia {unknown}
 y - 2 scrolls of teleportation {unknown}
 D - a scroll of vulnerability {unknown}
 E - 2 scrolls of fog {unknown}
 G - a scroll of blinking {unknown}
 K - a scroll of brand weapon {unknown}
 L - a scroll of acquirement {unknown}
Potions
 a - 4 potions of mutation {unknown}
 b - 5 potions of degeneration {unknown}
 d - 2 potions of magic
 f - 3 potions of haste {unknown}
 g - 3 potions of heal wounds {unknown}
 l - 4 potions of curing {unknown}
 u - 2 potions of might {unknown}
 w - a potion of lignification {unknown}
 x - a potion of brilliance {unknown}
 z - 4 potions of flight {unknown}
 A - a potion of attraction {unknown}
 B - a potion of invisibility {unknown}
 C - 2 potions of berserk rage {unknown}


   Skills:
 + Level 2.1 Fighting
 - Level 4.0 Armour
 - Level 3.0 Dodging
 - Level 3.0 Stealth
 * Level 12.0 Spellcasting
 + Level 6.7 Conjurations
 + Level 5.7 Summonings
 - Level 1.1 Translocations
 - Level 1.2 Air Magic
 - Level 1.3 Poison Magic
 - Level 2.0 Evocations


You had 24 spell levels left.
You knew the following spells:

 Your Spells              Type           Power      Damage    Failure   Level
a - Magic Dart            Conj           100%       1d8       1%          1
b - Mephitic Cloud        Conj/Pois/Air  29%        N/A       3%          3
c - Call Imp              Summ           84%        N/A       1%          2
d - Blink                 Tloc           38%        N/A       4%          2

Your spell library contained the following spells:

 Spells                   Type           Power      Damage    Failure   Level
 Poisonous Vapours        Pois/Air       40%        N/A       3%          2
 Kiss of Death            Conj/Necr      100%       2d13      1%          1
 Slow                     Hex            56%        N/A       4%          1
 Cigotuvi's Dreadful Rot  Necr/Pois/Air  36%        N/A       4%          2
 Lesser Beckoning         Tloc           38%        N/A       4%          2
 Gell's Gravitas          Tloc           19%        N/A       9%          3
 Teleport Other           Tloc           19%        N/A       9%          3
 Confusing Touch          Hex            14%        N/A       13%         3
 Dispel Undead            Necr           14%        3d10      38%         4


Dungeon Overview and Level Annotations

Branches:
Dungeon (8/15)             Temple (1/1) D:5         Ossuary (visited)
   Lair: D:8-11

Altars:
Cheibriados
Elyvilon
Fedhas
Kikubaaqudgha
Nemelex Xobeh
Vehumet
Yredelemnul

Shops:
D:7 (

Portals:
Ice
Cave: D:11


Message History

The wolf bites itself!
The wraith attacks as you move away! The wraith hits you!
The wraith drains your vigour!
You feel yourself slow down.
Unknown command.
The wraith attacks as you move away! The wraith hits you!
The wraith drains your vigour!
You feel as though you will be slow longer.
Unknown command.
Casting: Mephitic Cloud (dangerous; 3% risk of failure)
Confirm with . or Enter, or press ? or * to list all spells.
You blink.
A white imp and a centaur warrior simulacrum come into view.
Found 11 gold pieces.
The orc warrior hits the orc with a +0 morningstar!
The orc is killed!
Vehumet accepts your kill. The white imp gestures at you.
The puff of frost hits you. You resist.
* * * LOW HITPOINT WARNING * * *
A white imp comes into view.
A polar bear comes into view.
The polar bear growls angrily.
The wolf bites itself.
The white imp gestures at you. The puff of frost hits you. You resist.
* * * LOW HITPOINT WARNING * * *
The white imp closely misses you.
The wolf bites the polar bear.
The white imp attacks as you move away! The white imp hits you.
* * * LOW HITPOINT WARNING * * *
The white imp freezes you. You resist.
* * * LOW HITPOINT WARNING * * *
The white imp gestures at you. The puff of frost hits you. You resist.
* * * LOW HITPOINT WARNING * * *
The white imp shouts, "Turn tail, thou fobbing beetle-headed dandiprat!"
The white imp gestures at you. The puff of frost hits you. You resist.
* * * LOW HITPOINT WARNING * * *
The ice beast hits you.
You die...

,~~*,,,* #.# ~~~*,,,* #.# ~~**,,,*
#.######
****,,,*******############.......
,,,,,,,,,,,,,,...................
,,,,,,,,,,,,,,......o..ยง.........
***,,,*********#.#..#)###########
*,,,* #...W..).# ***,,, ***,,,*
#@Y#.5.#.#***,,,,,
,,,,,,****######.Z.h..Y..h,,,,,,,
,,,,,,,,,.....$55...#Zh..ZY,,,,,,
**,,,,,,,.......##.....#.Z8..*,**
*,,,,,,,.......*#####...?...,***
*,,,,,,,.......* *#.....#**,,
*,,,,,,,......h* *,,,,,* *,,
*,,,,,,,.......* **,,,,,*****
**,,,,,,,.......******,,,,,,,,*,,


You could see 2 polar bears, a yak, a wraith, an orc warrior (confused), an ice
beast, a wolf (confused), 2 white imps and 2 centaur warrior simulacra.

Vanquished Creatures
  A cyclops (D:7)
  Grinder (D:3)
  A wyvern (D:6)
  A water moccasin (D:5)
  An orc warrior (D:5)
  An ice beast (D:7)
  A sky beast (D:7)
  A black bear (D:5)
  5 ogres
  2 phantoms (D:5)
  A kobold brigand (D:6)
  2 bullfrogs
  A scorpion (D:5)
  A howler monkey (D:7)
  3 hounds
  2 centaur zombies (D:4)
  2 jellies
  An orc priest (D:5)
  A centaur skeleton (D:3)
  A gnoll bouda (D:6)
  Jessica (D:3)
  Natasha (thrice) (D:3)
  6 iguanas
  A scorpion zombie (D:3)
  2 orc wizards
  13 mummies
  A howler monkey zombie (D:3)
  12 gnolls
  11 adders
  3 white imps
  2 ufetubi (D:5)
  3 adder zombies
  An adder skeleton (D:3)
  12 orcs
  9 endoplasms
  6 giant cockroaches
  12 goblins
  3 hobgoblins (D:4)
  4 jackals (D:4)
  3 quokkas
  6 ball pythons
  2 ball python zombies (D:3)
  5 bats
  5 frilled lizards
  A giant cockroach zombie (D:3)
  3 gnoll skeletons (Ossuary)
  2 goblin skeletons (Ossuary)
  7 kobolds
  2 kobold skeletons (Ossuary)
  An orc skeleton (Ossuary)
  2 quokka zombies (D:4)
  4 rats
  11 rat skeletons (Ossuary)
189 creatures vanquished.

Vanquished Creatures (collateral kills)
  An ice beast (D:7)
  An ufetubus (D:7)
  An orc (D:7)
3 creatures vanquished.

Vanquished Creatures (others)
  A plant (D:7)
1 creature vanquished.

Grand Total: 193 creatures vanquished

Notes
Turn   | Place    | Note
-------+----------+-------------------------------------------
     0 | D:1      | pokeman the Deep Elf Hedge Wizard began the quest for the
                  | Orb.
     0 | D:1      | Reached XP level 1. HP: 10/10 MP: 7/7
   415 | D:1      | Reached XP level 2. HP: 16/16 MP: 5/9
  1042 | D:2      | Found a faded altar of an unknown god.
  1058 | D:2      | Reached skill level 5 in Spellcasting
  1060 | D:2      | Reached XP level 3. HP: 18/20 MP: 2/11
  1064 | D:2      | Learned a level 3 spell: Mephitic Cloud
  1067 | D:2      | Learned a level 2 spell: Call Imp
  1070 | D:2      | Learned a level 2 spell: Blink
  2317 | D:3      | Found a sparkling altar of Nemelex Xobeh.
  2328 | D:3      | Reached skill level 1 in Armour
  2345 | D:3      | Reached skill level 1 in Fighting
  2345 | D:3      | Reached XP level 4. HP: 21/25 MP: 8/13
  2496 | D:3      | Noticed Natasha
  2502 | D:3      | Noticed Jessica
  2508 | D:3      | Killed Natasha
  2513 | D:3      | Killed Jessica
  2514 | D:3      | Reached skill level 6 in Spellcasting
  2514 | D:3      | Reached XP level 5. HP: 29/29 MP: 4/15
  2519 | D:3      | Noticed Natasha
  2524 | D:3      | Killed Natasha
  2544 | D:3      | Noticed Grinder
  2641 | D:3      | Killed Grinder
  2642 | D:3      | Reached skill level 1 in Air Magic
  2642 | D:3      | Reached skill level 1 in Poison Magic
  2642 | D:3      | Reached skill level 1 in Evocations
  2642 | D:3      | Reached XP level 6. HP: 17/34 MP: 2/17
  2681 | D:3      | Noticed Natasha
  2912 | D:3      | Killed Natasha
  2913 | D:3      | Reached skill level 7 in Spellcasting
  3906 | D:4      | Reached XP level 7. HP: 37/39 MP: 16/20
  3970 | D:4      | Reached skill level 8 in Spellcasting
  4027 | D:4      | Found a sand-covered staircase.
  4033 | Ossuary  | Entered an ossuary
  5122 | D:4      | Reached XP level 8. HP: 32/44 MP: 14/22
  5230 | D:4      | Found a basalt altar of Yredelemnul.
  5367 | D:4      | Reached skill level 9 in Spellcasting
  5401 | D:4      | Found a snail-covered altar of Cheibriados.
  5494 | D:4      | Found a radiant altar of Vehumet.
  5502 | D:4      | Became a worshipper of Vehumet
  6195 | D:5      | Entered Level 5 of the Dungeon
  6361 | D:5      | Reached * piety under Vehumet
  6361 | D:5      | Offered knowledge of Shock by Vehumet.
  6513 | D:5      | Reached skill level 5 in Conjurations
  6555 | D:5      | HP: 2/44 [orc warrior/+0 glaive (16)]
  6557 | D:5      | Reached skill level 10 in Spellcasting
  7054 | D:5      | Found a staircase to the Ecumenical Temple.
  7073 | Temple   | Entered the Ecumenical Temple
  7304 | D:6      | Reached XP level 9. HP: 46/48 MP: 14/25
  7777 | D:6      | Found an ancient bone altar of Kikubaaqudgha.
  7803 | D:6      | Reached skill level 11 in Spellcasting
  8285 | D:7      | Reached skill level 5 in Summonings
  8382 | D:7      | Found Gyityskeir's Hydra Hut.
  8438 | D:7      | Noticed an eight-headed hydra
  8646 | D:7      | Reached ** piety under Vehumet
  8649 | D:7      | Offered knowledge of Poisonous Vapours by Vehumet.
  8769 | D:7      | Noticed a cyclops
  9033 | D:7      | Killed a cyclops
  9034 | D:7      | Reached skill level 12 in Spellcasting
  9598 | D:8      | You fall into a shaft and drop 3 floors!
  9620 | D:11     | Found a frozen archway.
  9623 | D:11     | Noticed a polar bear
  9627 | D:11     | Noticed a polar bear
  9628 | D:11     | Slain by an ice beast

Illustrated notes

Levels and vault maps discovered:
D:1:      giann_horns, layout_loops_corners
D:2:      layout_basic, shapermc_ecumenical_altar_starsandcircs, serial_rivers,
          chequers_serial_rivers_room_b, chequers_serial_rivers_room_b,
          chequers_serial_rivers_micro_b, chequers_serial_rivers_room_b,
          chequers_serial_rivers_marsh, chequers_serial_rivers_micro_b
D:3:      layout_basic, nemelex_dance_club_becter, serial_undead,
          serial_undead_d, serial_undead_c, serial_undead_c, serial_undead_c,
          serial_undead_f, serial_undead_a, serial_undead_d, serial_undead_e,
          serial_undead_d, serial_undead_a, uniq_natasha, uniq_jessica,
          uniq_grinder
D:4:      layout_basic, nicolae_yredelemnul_corpse_copse, slow_altar_2,
          nicolae_vehumet_radiance, enter_ossuary_2
D:5:      layout_rooms, temple_doors_e
D:6:      layout_basic, mainiacjoe_overflow_cross_hatched, feat_on_display
D:7:      layout_layer_cave, st_stairs_10, doesnt_shop_hydraphobe
D:8:      layout_rooms, nicolae_uskayaw_en_pointe, serial_shops, shop,
          enter_bailey_2, hangedman_ranch, uniq_pikel
D:11:     layout_long_grid, portal_ice_cave_entry_pillars_1, serial_ice,
          serial_ice_e, serial_ice_n, serial_ice_m, serial_ice_d, serial_ice_c,
          serial_ice_k, serial_ice_o, grunt_livestock, led_sif_pool
Temple:   nicolae_temple_hex_pool

Skill      XL: |  1  2  3  4  5  6  7  8  9 |
---------------+----------------------------+-----
Spellcasting   | 5 6 7 8 10 12 | 12.0
Conjurations   | 2 3 4 5 6 |  6.7
Armour         | 1 3 4 |  4.0
Fighting       | 1 2 |  2.1
Dodging        | 3 |  3.0
Stealth        | 3 |  3.0
Air Magic      | 1 |  1.2
Poison Magic   | 1 |  1.3
Evocations     | 1 2 |  2.0
Summonings     | 2 4 5 |  5.7
Translocations | |  1.1

Action                     |  1- 3 |  4- 6 |  7- 9 || total
---------------------------+-------+-------+-------++-------
  Melee: Hand axe          |     8 |    37 |   164 ||   209
         Punch             |       |       |     4 ||     4
   Cast: Magic Dart        |    71 |    60 |   302 ||   433
         Mephitic Cloud    |       |     9 |    28 ||    37
         Call Imp          |       |     1 |     4 ||     5
         Blink             |       |     2 |     1 ||     3
  Evoke: Wand              |       |       |     1 ||     1
    Use: Scroll            |       |       |     3 ||     3
   Stab: Sleeping          |     1 |       |     1 ||     2
         Confused          |       |     2 |    13 ||    15
 Armour: Robe              |     5 |     9 |    25 ||    39
  Dodge: Dodged            |    13 |    53 |   179 ||   245

Table legend: (Time is in decaauts)
 A = Elapsed time spent in this place.
 B = Non-inter-level travel time spent in this place.
 C = Inter-level travel time spent in this place.
 D = Time resting spent in this place.
 E = Time spent auto-exploring this place.
 F = Levels seen in this place.
 G = Mean time per level.
                   A        B        C        D        E       F      G
               +--------+--------+--------+--------+--------+-----+--------+
         Total |   9706 |   9473 |    233 |    453 |   7521 |  11 |  882.4 |
       Dungeon |   8772 |   8539 |    233 |    453 |   6781 |   9 |  974.7 |
        Temple |      1 |      1 |      0 |      0 |      0 |   1 |    1.0 |
       Ossuary |    932 |    932 |      0 |      0 |    740 |   1 |  932.0 |
               +--------+--------+--------+--------+--------+-----+--------+

Top non-repeatable levels by time:
     D:4: 1552 daAuts
     D:2: 1437 daAuts
     D:3: 1392 daAuts
     D:7: 1342 daAuts
     D:1: 1021 daAuts
     D:6: 1009 daAuts
     D:5: 984 daAuts
 Ossuary: 932 daAuts
    D:11: 31 daAuts
  Temple: 1 daAuts
     D:8: 1 daAuts
